 Dungeon Crawl Stone Soup version 0.26-a0-651-gb41185065b (webtiles) character file.

Game seed: 16154319458663540616

681 kae the Ruffian (level 7, -17/52 HPs)
             Began as a Pale Draconian Transmuter on Oct 28, 2020.
             Blown up by a wight (22 damage)
             ... with a disintegration bolt
             ... on level 4 of the Dungeon.
             The game lasted 00:03:31 (5050 turns).

kae the Ruffian (Pale Draconian Transmuter)         Turns: 5050, Time: 00:03:32

Health: -17/52     AC:  8    Str: 14    XL:     7   Next: 34%
Magic:  9/10       EV: 12    Int: 14    God:
Gold:   119        SH:  0    Dex: 11    Spells: 6/10 levels left

rFire    x . .     SeeInvis .     - Unarmed
rCold    + . .     Faith    .   (no shield)
rNeg     . . .     Spirit   .   (armour unavailable)
rPois    .         Reflect  .   (helmet currently unavailable)
rElec    .         Harm     .   e - +0 cloak
rCorr    .         Rampage  .   g - +0 pair of gloves
MR       .....                  (boots currently unavailable)
Stlth    +.........             (no amulet)
HPRegen  0.17/turn              k - ring of wizardry
MPRegen  0.12/turn              m - ring of ice

@: short of breath, appendages (expiring)
A: breathe steam, unfitting armour, horns 2, talons 2, cold-blooded, AC +6
a: Breathe Steam, End Transformation


You were on level 4 of the Dungeon.
You had grown temporary horns.
You had grown temporary talons.
You visited 1 branch of the dungeon, and saw 4 of its levels.

You collected 119 gold pieces.

Inventory:

Armour
 e - a +0 cloak (worn)
 g - a +0 pair of gloves (worn)
Jewellery
 k - a ring of wizardry (left hand)
 m - a ring of ice (right hand)
 p - a cursed amulet of inaccuracy {unknown}
Wands
 n - a wand of flame (25)
Scrolls
 c - 2 scrolls of identify
 h - a scroll of enchant weapon
 j - 2 scrolls of remove curse
 o - a scroll of fog {unknown}
 q - a scroll of teleportation
Potions
 a - 3 potions of heal wounds
 b - a potion of mutation
 d - a potion of haste {unknown}
 f - a potion of might {unknown}
 i - 3 potions of curing {unknown}
 l - 3 potions of brilliance {unknown}


   Skills:
 - Level 1.1 Fighting
 - Level 1.7 Dodging
 * Level 7.3 Unarmed Combat
 - Level 2.0 Spellcasting
 + Level 5.0 Transmutations


You had 6 spell levels left.
You knew the following spells:

 Your Spells              Type           Power        Failure   Level
a - Beastly Appendage     Tmut           ###...       1%          1
b - Spider Form           Tmut/Pois      #.........   11%         3

Your spell library contained the following spells:

 Spells                   Type           Power        Failure   Level
 Wereblood                Tmut           ###.....     1%          2
 Ice Form                 Ice/Tmut       ##......     32%         4
 Blade Hands              Tmut           ###.......   32%         5


Dungeon Overview and Level Annotations

Branches:
Dungeon (4/15)
 Temple: D:4-7

Altars:
Hepliaklqana
Kikubaaqudgha
Ru
Sif Muna
Uskayaw

Annotations:
D:4 Pikel


Innate Abilities, Weirdness & Mutations

You can breathe blasts of scalding, opaque steam.
Your pale cyan-grey scales are hard. (AC +6)
You cannot fit into any form of body armour.
You are cold-blooded and may be slowed by cold attacks.
You have a pair of horns on your head.
You have razor-sharp toenails.


Message History

You exhale a blast of scalding steam.
The ball of steam hits the wight!
The wight is heavily damaged.
The ball of steam hits the wight.
The wight is moderately damaged.
The wight is engulfed in a cloud of scalding steam. x2
The wight barely misses you.
You punch the wight!
You destroy the wight!
The wight is engulfed in a cloud of scalding steam.
You destroy the wight!
Your Transmutations skill increases to level 5!
The wight is engulfed in a cloud of scalding steam.
The wight zaps a wand.
You are blasted!
Ouch! That really hurt!
The wight is engulfed in a cloud of scalding steam.
Your transformation is almost over.
The wight zaps a wand.
You are blasted!
* * * LOW HITPOINT WARNING * * *
The wight zaps a wand.
You are blasted!
You die...

####.# #.........# #..... ..##.#
#.........# ..... ###.##.#
#.........## ### .... ....##.#
#..........# ... #.. ....##.#
#..........#......####.. #...##.#
#..........#........)... .......#
#..........'.......###..
#.##...###..........#######.# ###
#. #...))..z....@†.......##.#
#.##...##########.######.##.#####
#.#.....z<.# #.....##.........
#.#.....>..#### #####.##.........
#......z....#######.##.........
###'##...$........#............
#.##............#####........ #.
#####........# #.......) ..
#........# #.........


You could see a wight.

Vanquished Creatures
  A phantom (D:4)
  An ogre (D:4)
  4 wights
  2 hounds (D:4)
  A jelly (D:3)
  2 orc wizards
  A worker ant (D:4)
  6 adders
  2 oozes
  2 worms
  3 leopard geckos (D:1)
  19 orcs
  5 bats
  3 giant cockroaches
  5 goblins
  5 hobgoblins
  10 jackals
  8 kobolds
  3 quokkas
  A ball python (D:3)
  6 frilled lizards
  7 rats
97 creatures vanquished.

Vanquished Creatures (others)
  A plant (D:2)
1 creature vanquished.

Grand Total: 98 creatures vanquished

Notes
Turn   | Place    | Note
-------+----------+-------------------------------------------
     0 | D:1      | kae the Draconian Transmuter began the quest for the Orb.
     0 | D:1      | Reached XP level 1. HP: 16/16 MP: 3/3
   261 | D:1      | Reached XP level 2. HP: 23/23 MP: 3/5
  1062 | D:1      | Reached XP level 3. HP: 21/28 MP: 6/6
  1491 | D:2      | Reached skill level 4 in Unarmed Combat
  2152 | D:2      | Found a hide-covered altar of Uskayaw.
  2157 | D:2      | Found a sacrificial altar of Ru.
  2162 | D:2      | Found an ancient bone altar of Kikubaaqudgha.
  2189 | D:2      | Reached XP level 4. HP: 35/35 MP: 5/7
  3004 | D:3      | Reached skill level 5 in Unarmed Combat
  3211 | D:3      | Reached XP level 5. HP: 32/40 MP: 8/8
  3309 | D:3      | Learned a level 3 spell: Spider Form
  3542 | D:3      | Found a shimmering blue altar of Sif Muna.
  4164 | D:4      | Noticed Pikel
  4164 | D:4      | Noticed a lemure
  4164 | D:4      | Noticed a lemure
  4164 | D:4      | Noticed a lemure
  4164 | D:4      | Noticed a lemure
  4249 | D:4      | Reached XP level 6. HP: 35/47 MP: 3/9
  4444 | D:4      | Reached skill level 6 in Unarmed Combat
  4531 | D:4      | Found a hazy altar of Hepliaklqana.
  4740 | D:4      | Your scales start taking on a pale cyan-grey colour.
  4740 | D:4      | Reached XP level 7. HP: 33/52 MP: 8/10
  5026 | D:4      | Reached skill level 7 in Unarmed Combat
  5043 | D:4      | Reached skill level 5 in Transmutations
  5050 | D:4      | Blown up by a wight

Illustrated notes

Levels and vault maps discovered:
D:1:      mrwooster_arrival_statue_3, layout_loops_ring, serial_glass,
          glass_columns_c, glass_columns_a
D:2:      wad_lake_hut, layout_basic, minmay_overflow_temple_star_quad,
          kennysheep_cross_room
D:3:      layout_basic, lemuel_doored_altar
D:4:      layout_basic, nicolae_overflow_hidden_temple, kennysheep_little_box,
          uniq_pikel

Skill      XL: |  1  2  3  4  5  6  7 |
---------------+----------------------+-----
Unarmed Combat | 4 5 6 7 |  7.3
Transmutations | 3 4 5 |  5.0
Fighting       | |  1.1
Dodging        | |  1.7
Spellcasting   | |  2.0

Action                   |  1- 3 |  4- 6 |  7- 9 || total
-------------------------+-------+-------+-------++-------
Melee: Unarmed           |   125 |   198 |    15 ||   338
       Kick              |    15 |    16 |     1 ||    32
       Headbutt          |    12 |     7 |     1 ||    20
       Tailslap          |     5 |    18 |       ||    23
       Punch             |     2 |     2 |       ||     4
 Cast: Beastly Appendage |    22 |    22 |     5 ||    49
       Spider Form       |       |     8 |     2 ||    10
 Abil: Breathe Steam     |       |       |     1 ||     1
  Use: Scroll            |     2 |     9 |       ||    11
 Stab: Sleeping          |     1 |       |       ||     1
Armor: Skin              |    42 |    37 |     4 ||    83
Dodge: Dodged            |    81 |   124 |    12 ||   217

Table legend: (Time is in decaauts)
 A = Elapsed time spent in this place.
 B = Non-inter-level travel time spent in this place.
 C = Inter-level travel time spent in this place.
 D = Time resting spent in this place.
 E = Time spent auto-exploring this place.
 F = Levels seen in this place.
 G = Mean time per level.
                   A        B        C        D        E       F      G
               +--------+--------+--------+--------+--------+-----+--------+
         Total |   5062 |   4939 |    123 |    322 |   3811 |   4 | 1265.5 |
       Dungeon |   5062 |   4939 |    123 |    322 |   3811 |   4 | 1265.5 |
               +--------+--------+--------+--------+--------+-----+--------+

Top non-repeatable levels by time:
     D:3: 1920 daAuts
     D:1: 1205 daAuts
     D:2: 1167 daAuts
     D:4: 767 daAuts
